AoeStats
← iTz Ozy2

Black Forest

509009723Analyzed
3v3 RM · 8d ago on Sep 25, 2026· 50m 12s· 6 players
Game mode
Random Map
Map size
Normal (6 player)
Population
200
Speed
Normal
Resources
Standard
Victory
Conquest
Starting age
Dark Age
Ending age
Imperial Age
RankedLock teamsTeams togetherTeam positionsShared explorationLock speedFull tech treeHidden civsTurbo modeCheats
Victory
Defeat
🇺🇸 Persians · United States
959
+14
🇺🇸 Spanish · United States
885
+17
🇺🇸 Khmer · United States
882
+17
🇸🇮 Inca · Slovenia
960
-17
🇬🇧 Cumans · United Kingdom
901
-16
🇲🇽 Spanish · Mexico
884
-15
iTz bjonny88
4:55 Loom
12:20 Feudal Age
12:55 Double-Bit Axe
12:55 Horse Collar
21:02 Castle Age
20:50 Wheelbarrow
21:51 Bow Saw
21:46 Heavy Plow
22:59 Hand Cart
37:48 Imperial Age
36:35 Bloodlines
36:26 Husbandry
41:36 Chemistry
40:27 Heated Shot
40:57 Ballistics
41:38 Gold Mining
41:39 Stone Mining
42:53 Two-Man Saw
42:34 Crop Rotation
44:52 Crossbowman
47:01 Light Cavalry
iTzSEWERKING
0:29 Loom
14:00 Feudal Age
22:07 Castle Age
21:32 Horse Collar
21:40 Double-Bit Axe
23:27 Wheelbarrow
30:34 Bow Saw
33:43 Ballistics
33:33 Gold Mining
36:07 Gold Shaft Mining
35:55 Heavy Plow
39:11 Imperial Age
38:08 Hand Cart
37:52 Stone Mining
39:02 Elite Skirmisher
39:52 Double Crossbow
39:25 Heavy Scorpion
41:09 Chemistry
40:12 Cavalier
42:21 Light Cavalry
42:38 Elite Ballista Elephant
50:12 Caravan
iTz Ozy2
0:28 Loom
12:03 Feudal Age
13:01 Double-Bit Axe
17:58 Castle Age
21:01 Wheelbarrow
20:46 Stone Mining
23:11 Gold Mining
23:21 Horse Collar
25:48 Bow Saw
26:14 Heavy Plow
27:02 Squires
30:32 Stone Shaft Mining
31:02 Hand Cart
31:19 Caravan
32:51 Scale Barding Armor
32:57 Forging
34:01 Chain Barding Armor
33:42 Padded Archer Armor
33:33 Fletching
36:53 Imperial Age
35:19 Iron Casting
35:04 Bloodlines
35:03 Husbandry
37:07 Bodkin Arrow
37:27 Leather Archer Armor
37:06 Cavalier
38:35 Plate Barding Armor
39:01 Blast Furnace
37:34 Light Cavalry
39:52 Bracer
40:23 Ring Archer Armor
40:42 Conscription
39:52 Elite Conquistador
41:16 Paladin
41:27 Hussar
43:15 Two-Man Saw
42:58 Coinage
43:18 Ballistics
44:01 Chemistry
46:27 Town Watch
46:07 Man-at-Arms
46:35 Gambesons
46:41 Arson
46:17 Pikeman
46:59 Inquisition
47:37 Hoardings
47:24 Supremacy
46:40 Sappers
47:21 Siphons
47:20 Scale Mail Armor
48:02 Banking
47:47 Guilds
47:59 Town Patrol
47:27 Long Swordsman
48:35 Masonry
48:35 Fortified Wall
48:00 Two-Handed Swordsman
48:59 Chain Mail Armor
48:45 Murder Holes
48:53 Arrowslits
50:17 Architecture
50:20 Plate Mail Armor
49:44 Guard Tower
50:05 Clinker Construction
50:06 Careening
49:32 Halberdier
50:39 Fervor
50:50 Sanctity
50:27 Herbal Medicine
50:58 Bombard Tower
Alexis angel666
0:50 Loom
14:58 Feudal Age
25:53 Castle Age
25:11 Fletching
25:23 Double-Bit Axe
26:41 Bodkin Arrow
28:49 Horse Collar
31:59 Wheelbarrow
35:13 Padded Archer Armor
36:06 Heavy Plow
38:01 Hand Cart
46:08 Imperial Age
45:00 Gold Mining
45:01 Stone Mining
45:13 Stone Mining
45:49 Bow Saw
47:59 Chemistry
49:30 Bloodlines
50:02 Forging
49:57 Scale Barding Armor
50:28 Husbandry
Franchesko
7:08 Loom
16:04 Feudal Age
16:55 Horse Collar
17:03 Double-Bit Axe
16:53 Champi Runner
17:56 Gold Mining
29:17 Castle Age
27:51 Scale Mail Armor
27:52 Padded Archer Armor
28:02 Forging
27:43 Fletching
29:26 Pikeman
30:06 Squires
29:53 Arson
29:30 Elite Skirmisher
34:33 Bodkin Arrow
34:53 Chain Mail Armor
35:14 Iron Casting
36:48 Wheelbarrow
36:31 Heavy Plow
37:01 Champi Warrior
40:36 Bow Saw
42:12 Gold Shaft Mining
42:17 Stone Mining
45:11 Imperial Age
43:53 Leather Archer Armor
xlxl
10:04 Loom
12:08 Feudal Age
14:34 Double-Bit Axe
14:42 Gold Mining
19:25 Fletching
19:38 Padded Archer Armor
26:24 Castle Age
29:50 Bow Saw
30:17 Gold Shaft Mining
29:35 Stone Mining
30:37 Wheelbarrow
31:36 Bodkin Arrow
32:33 Hand Cart
32:07 Town Watch
35:32 Imperial Age
34:38 Town Patrol
40:31 Ballistics
41:12 Chemistry
40:09 Murder Holes
40:25 Masonry
Connection lost

Rejoining the realm…

Still unreachable

The connection could not be restored.

Session expired

The server has moved on; the page needs a fresh start.